 Dungeon Crawl Stone Soup version 0.21.0-3-g78d12a8bdd (webtiles) character file.

708 Kublaii the Ruffian (level 7, 0/65 HPs)
             Began as a Troll Hunter on Jan 12, 2018.
             Was an Initiate of Okawaru.
             Slain by a centaur (6 damage)
             ... on level 5 of the Dungeon.
             The game lasted 00:28:37 (3129 turns).

Kublaii the Ruffian (Troll Hunter)                  Turns: 3129, Time: 00:28:38

Health: 0/65       AC:  5    Str: 20 (21) XL:     7   Next: 40%
Magic:  6/6        EV:  8    Int:  4 (7)  God:    Okawaru [......]
Gold:   220        SH:  9    Dex: 14 (17) Spells: 6/6 levels left

rFire    . . .     SeeInvis .     - Unarmed
rCold    . . .     Gourm    +   t - +0 shield
rNeg     . . .     Faith    .   v - +0 robe
rPois    .         Spirit   .   (helmet restricted)
rElec    .         Reflect  .   (no cloak)
rCorr    .         Harm     .   (gloves unavailable)
MR       +....                  (boots unavailable)
Stlth    +.........             (no amulet)
HPRegen  0.60/turn              D - ring of protection from magic (curse)
MPRegen  0.10/turn              g - +5 ring of dexterity

@: lethally poisoned (0 -> 0)
A: large, unfitting armour, claws 3, fast metabolism 3, gourmand, regeneration
1, shaggy fur 1, tough skin 2
a: Renounce Religion


You were on level 5 of the Dungeon.
You worshipped Okawaru.
Okawaru was noncommittal.
You were not hungry.

You visited 2 branches of the dungeon, and saw 6 of its levels.

You collected 220 gold pieces.

Inventory:

Hand Weapons
 b - a +0 hunting sling
Missiles
 d - 2 throwing nets (quivered)
 e - 4 large rocks
 k - 140 stones
 r - 39 sling bullets
Armour
 t - a +0 shield (worn)
 v - a +0 robe (worn)
Jewellery
 g - a +5 ring of dexterity (right claw)
 D - a cursed ring of protection from magic (left claw)
Scrolls
 a - a scroll of enchant weapon {unknown}
 c - 3 scrolls of amnesia {unknown}
 h - a scroll of blinking {unknown}
 i - 7 scrolls of identify
 p - 2 scrolls of magic mapping
 q - 2 scrolls of teleportation
 w - a scroll of immolation {unknown}
 y - a scroll of random uselessness {unknown}
Potions
 m - a potion of resistance {unknown}
 x - a potion of lignification
 A - a potion of invisibility {unknown}
 B - a potion of magic {unknown}
Books
 l - a book of Minor Magic

   Spells                             Type                      Level
   a - Magic Dart                     Conjuration                  1
   b - Blink                          Translocation                2
   c - Call Imp                       Summoning                    2
   d - Slow                           Hexes                        2
   e - Conjure Flame                  Conjuration/Fire             3
   f - Mephitic Cloud                 Conjuration/Poison/Air       3
 z - a book of Callings

   Spells                             Type                      Level
   a - Summon Small Mammal            Summoning                    1
   b - Call Imp                       Summoning                    2
   c - Call Canine Familiar           Summoning                    3
   d - Summon Guardian Golem          Hexes/Summoning              3
   e - Summon Lightning Spire         Summoning/Air                4
   f - Summon Ice Beast               Ice/Summoning                4
Comestibles
 f - 12 rations


   Skills:
 + Level 2.2 Fighting
 + Level 4.0 Throwing
 - Level 3.1 Armour
 - Level 1.5 Dodging
 - Level 0.3 Stealth
 - Level 3.1 Shields
 - Level 5.0 Unarmed Combat


You had 6 spell levels left.
You didn't know any spells.

Dungeon Overview and Level Annotations

Branches:
Dungeon (5/15)             Temple (1/1) D:4

Altars:
Ashenzari
Cheibriados
Dithmenos
Elyvilon
Fedhas
Hepliaklqana
Kikubaaqudgha
Makhleb
Okawaru
Qazlal
Sif Muna
Wu Jian
Xom
Yredelemnul
Zin
The Shining One


Innate Abilities, Weirdness & Mutations

You are too large for most types of armour.
You have claws for hands.
Your metabolism is lightning-fast.
You like to eat raw meat.
Your natural rate of healing is unusually fast.
You are covered in fur. (AC +1)
You have very tough skin. (AC +2)


Message History

You scratch the frilled lizard.
You kill the frilled lizard!
Okawaru accepts your kill.
You feel sick.
The centaur shoots an arrow.
The arrow hits you!
* * * LOW HITPOINT WARNING * * *
The centaur unwields an uncursed shortbow.
The centaur closely misses you. You block the gnoll's attack.
You see here a frilled lizard corpse.
You scratch the centaur.
The centaur is lightly wounded.
You feel sick.
The centaur hits you but does no damage.
The gnoll hits you with a spear.
* * * LOW HITPOINT WARNING * * *
The centaur hits you but does no damage.
It was a potion of degeneration.
There was something very wrong with that liquid.
You feel weakened.
You feel dopey.
You feel clumsy.
You feel sick. You block the gnoll's attack. The centaur hits you.
You die...

#. . .#.. ## ...
)..#.#. .......
.....#. #........
.......###.......8
#......##<.......
#..#?#@#(.c.....
#.(cg......#
#...g....####
#...((......#
#......)###..
#.......####.#
#.......†<...#
#....$...##...#
#.........# ..#


You could see a centaur and 2 gnolls.

Vanquished Creatures
  The ghost of ShornTheSheep the Slasher, a novice GnBe of Trog (D:4)
  A bullfrog (D:5)
  An orc priest (D:4)
  A centaur skeleton (D:4)
  Natasha (D:2)
  7 gnolls
  7 adders
  5 oozes
  An adder skeleton (D:2)
  A dart slug (D:2)
  7 worms
  4 leopard geckos
  2 orcs (D:4)
  A ball python (D:3)
  6 giant cockroaches
  5 goblins
  6 hobgoblins
  4 jackals (D:1)
  2 quokkas
  4 bats
  9 frilled lizards
  4 kobolds
  7 rats
87 creatures vanquished.

Notes
Turn   | Place    | Note
-------+----------+-------------------------------------------
     0 | D:1      | Kublaii the Troll Hunter began the quest for the Orb.
     0 | D:1      | Reached XP level 1. HP: 19/19 MP: 0/0
    17 | D:1      | Reached skill level 1 in Unarmed Combat
   107 | D:1      | Reached XP level 2. HP: 27/27 MP: 1/1
   153 | D:1      | Reached skill level 2 in Unarmed Combat
   386 | D:1      | Reached XP level 3. HP: 23/33 MP: 2/2
   495 | D:2      | Reached skill level 3 in Unarmed Combat
   763 | D:2      | Noticed Natasha
   767 | D:2      | Killed Natasha
   767 | D:2      | Reached skill level 4 in Unarmed Combat
   767 | D:2      | Reached XP level 4. HP: 41/41 MP: 3/3
   803 | D:2      | Found an ornate altar of the Wu Jian Council.
  1267 | D:3      | Reached XP level 5. HP: 48/48 MP: 4/4
  1390 | D:3      | Reached skill level 5 in Unarmed Combat
  1770 | D:3      | Reached skill level 1 in Armour
  1770 | D:3      | Reached skill level 1 in Shields
  1926 | D:3      | Found a blossoming altar of Fedhas.
  1929 | D:3      | Found a stormy altar of Qazlal.
  1932 | D:3      | Found a snail-covered altar of Cheibriados.
  2019 | D:4      | Reached XP level 6. HP: 54/55 MP: 5/5
  2064 | D:4      | Noticed ShornTheSheep's ghost (novice GnBe)
  2090 | D:4      | HP: 1/55 [ShornTheSheep's ghost (4)]
  2095 | D:4      | Killed ShornTheSheep's ghost
  2095 | D:4      | Reached XP level 7. HP: 3/62 MP: 6/6
  2523 | D:4      | Found a hazy altar of Hepliaklqana.
  2536 | D:4      | Found a shattered altar of Ashenzari.
  2601 | D:4      | Found a staircase to the Ecumenical Temple.
  2608 | Temple   | Entered the Ecumenical Temple
  2878 | Temple   | Became a worshipper of Warmaster Okawaru
  3099 | D:5      | Entered Level 5 of the Dungeon
  3109 | D:5      | Found a shadowy altar of Dithmenos.
  3129 | D:5      | Slain by a centaur

Skill      XL: |  1  2  3  4  5  6  7 |
---------------+----------------------+-----
Unarmed Combat | 1 2 4 5 |  5.0
Armour         | 1 3 |  3.1
Shields        | 1 3 |  3.1
Fighting       | 2 |  2.2
Throwing       | 4 |  4.0
Dodging        | |  1.5
Stealth        | |  0.3

Action                   |  1- 3 |  4- 6 |  7- 9 || total
-------------------------+-------+-------+-------++-------
Melee: Short sword       |   102 |    25 |       ||   127
       Punch             |     2 |     1 |     1 ||     4
       Unarmed           |       |    98 |    21 ||   119
Throw: Large rock        |    10 |     4 |       ||    14
       Throwing net      |     2 |       |     2 ||     4
       Tomahawk          |    17 |    36 |    14 ||    67
  Use: Scroll            |       |     4 |       ||     4
       Potion            |       |     8 |     1 ||     9
 Stab: Sleeping          |     2 |     1 |       ||     3
  Eat: Chunk             |    12 |    12 |     3 ||    27
Armor: Robe              |    56 |    31 |     7 ||    94
       Skin              |       |     2 |       ||     2
Dodge: Dodged            |    61 |    49 |    16 ||   126
Block: Shield            |       |       |    11 ||    11
